 Dungeon Crawl Stone Soup version 0.18-a0-844-g9229740 (webtiles) character file.

20176 Geeful the Martial Artist (level 13, -2/99 HPs)
             Began as a Human Wanderer on Dec 19, 2015.
             Was a High Priest of Makhleb.
             Slain by a death yak simulacrum (15 damage)
             ... in an ice cave.
             The game lasted 01:06:28 (17216 turns).

Geeful the Martial Artist (Human Wanderer)         Turns: 17216, Time: 01:06:28

Health: -2/99      AC: 19    Str: 15    XL:     13   Next: 10%
Magic:  0/28       EV: 10    Int: 10    God:    Makhleb [*****.]
Gold:   672        SH:  0    Dex: 18    Spells: 1 memorised, 10 levels left

rFire  x . .     SeeInvis +       - Unarmed
rCold  + . .     Gourm    .     s - +1 ring mail {rPois}
rNeg   . . .     Faith    .     (no shield)
rPois  +         Spirit   +     L - +2 helmet {SInv}
rElec  .         Dismiss  .     h - +0 cloak
rCorr  .         Reflect  .     V - +2 pair of gloves
SustAt .         Harm     .     F - +2 pair of boots
MR     .....                    y - amulet of guardian spirit
Stlth  ++........               T - ring of ice
                                l - ring of magical power

@: not resistant to hostile enchantments, unstealthy
A: no striking features
a: Minor Destruction, Lesser Servant of Makhleb, Major Destruction, Greater
Servant of Makhleb, Renounce Religion


You were in an ice cave.
You worshipped Makhleb.
Makhleb was extremely pleased with you.
You were not hungry.

You visited 3 branches of the dungeon, and saw 15 of its levels.
You also visited: Ice Cave.

You collected 856 gold pieces.
You spent 184 gold pieces at shops.

Inventory:

Hand Weapons
 a - a +4 blowgun
Missiles
 c - 53 poisoned needles
 u - 3 throwing nets (quivered)
 P - 5 curare-tipped needles
Armour
 h - a +0 cloak (worn)
 p - a +0 large shield
 s - a +1 ring mail of poison resistance (worn)
 F - a +2 pair of boots (worn)
 L - a +2 helmet of see invisible (worn)
 M - a +4 chain mail
 V - a +2 pair of gloves (worn)
Jewellery
 l - a ring of magical power (left hand)
 w - an uncursed ring of protection from fire
 y - an amulet of guardian spirit (around neck)
 G - a +4 amulet of reflection
 I - an uncursed ring of protection from magic
 N - an uncursed amulet of the gourmand {unknown}
 T - a ring of ice (right hand)
Wands
 b - a wand of teleportation (6)
 e - a wand of draining (2)
 z - a wand of lightning (4)
 A - a wand of fire (6)
 E - a wand of teleportation (7)
 H - a wand of lightning (6)
 J - a wand of slowing (11)
Scrolls
 d - 5 scrolls of teleportation
 g - 9 scrolls of remove curse
 i - a scroll of immolation
 j - 3 scrolls of magic mapping
 m - a scroll of fog
 D - 2 scrolls of recharging
 K - a scroll of identify
 O - a scroll of fear
 W - a scroll of blinking
Potions
 k - a potion of heal wounds
 r - a potion of cancellation
 t - a potion of ambrosia
 x - a potion of agility
 B - 6 potions of curing
 C - a potion of haste
 Y - a potion of resistance
Miscellaneous
 X - an ornate deck of wonders {the Alchemist}
Comestibles
 f - 8 bread rations
 n - 6 meat rations
 o - a royal jelly
 q - 19 fruits
 v - 3 chunks of flesh
 R - 3 beef jerkies
 S - 7 slices of pizza


   Skills:
 - Level 8.6 Fighting
   Level 1.0 Short Blades
   Level 1.0 Staves
 - Level 1.0 Throwing
 - Level 8.6 Armour
 + Level 6.6 Dodging
 - Level 2.0 Stealth
 * Level 13.6 Unarmed Combat
 - Level 8.3 Invocations
 - Level 1.0 Evocations


You had 10 spell levels left.
You knew the following spells:

 Your Spells              Type           Power        Failure   Level  Hunger
a - Repel Missiles        Chrm/Air       #.....       88%         2    ###....


Dungeon Overview and Level Annotations

Branches:
Dungeon (13/15)            Temple (1/1) D:6            Lair (1/8) D:10
    Orc (0/2) D:11         Vaults (0/5) D:13

Altars:
Ashenzari
Cheibriados
Dithmenos
Elyvilon
Fedhas
Gozag
Kikubaaqudgha
Makhleb
Nemelex Xobeh
Okawaru
Pakellas
Qazlal
Ru
Sif Muna
Trog
Vehumet
Xom
Yredelemnul
Zin
The Shining One

Shops:
D:9 [

Annotations:
IceCv cluie's ghost, journeyman DsIE


Message History

You smack the death yak simulacrum!
You feel less woody.
Your +0 cloak unmelds from your body.
Your +2 helmet of see invisible unmelds from your body.
Your +2 pair of gloves unmelds from your body.
Your +2 pair of boots unmelds from your body.
Your +1 ring mail of poison resistance unmelds from your body.
You feel perceptive.
You feel resistant to poison. Cluie's ghost barely misses you.
The death yak simulacrum gores you but does no damage.
The death yak simulacrum gores you. The death yak simulacrum freezes you!!
You resist.
Cluie's ghost hits you but does no damage.
The death yak simulacrum gores you. The death yak simulacrum freezes you!
You resist.
* * * LOW HITPOINT WARNING * * *
The death yak simulacrum gores you!
* * * LOW HITPOINT WARNING * * *
The death yak simulacrum freezes you!! You resist.
You die...

#### ##..##
##
##....##..##
#.W........#
#.@Z∩.......
#..Z....##..
##....###
##..## ####


You could see cluie's ghost and 2 death yak simulacra.

Vanquished Creatures
  2 dancing weapons (D:13)
  Sonja (D:10)
  2 unseen horrors (D:13)
  A harpy (D:13)
  2 hill giants
  2 ugly things
  2 cyclopes
  2 centaur skeletons
  4 trolls
  The ghost of yottam the Insei, an amateur HuWn (D:4)
  Sigmund (D:2)
  10 yaks
  2 wyverns
  A wraith (D:11)
  A human (D:10)
  Eustachio (D:5)
  3 hippogriffs
  2 shadows
  2 hungry ghosts
  A mottled dragon (D:12)
  A soldier ant (D:13)
  A water moccasin (D:13)
  A porcupine (Lair:1)
  An ice beast (D:9)
  A black bear (D:6)
  2 sky beasts
  2 eyes of draining
  6 orc warriors
  A phantom (D:5)
  A wasp (D:12)
  4 crocodiles
  15 centaurs
  7 ogres
  3 big kobolds
  2 wyvern zombies
  13 giant frogs
  6 scorpions
  7 killer bees
  6 crimson imps
  2 giant frog zombies
  A centaur zombie (D:10)
  12 hounds
  2 giant frog skeletons
  3 jellies
  8 orc priests
  8 orc wizards
  9 worker ants
  Ijyb (D:2)
  4 iguanas
  A statue (D:5)
  3 sheep (D:10)
  2 wolf simulacra (IceCv)
  A hound zombie (D:7)
  A hound skeleton (D:9)
  4 worker ant zombies
  7 gnolls
  10 adders
  3 oozes
  4 adder skeletons
  3 worms (D:2)
  7 giant geckos
  63 orcs
  8 bats
  A giant cockroach (D:3)
  4 goblins
  6 hobgoblins
  23 jackals
  24 kobolds
  2 ball pythons (D:1)
  7 giant newts
  2 jackal skeletons
  3 quokkas
  A quokka skeleton (D:9)
  9 rats
  A plant (D:2)
373 creatures vanquished.

Vanquished Creatures (collateral kills)
  A hydra (D:11)
  The ghost of yottam the Black Belt, a journeyman HuWn of Makhleb (D:11)
  2 harpies (D:13)
  6 yaks
  3 orc wizards
  3 orcs (D:11)
16 creatures vanquished.

Grand Total: 389 creatures vanquished

Notes
Turn   | Place    | Note
--------------------------------------------------------------
     0 | D:1      | Geeful the Human Wanderer began the quest for the Orb.
     0 | D:1      | Geeful set off with: a +2 dagger, a potion of heal wounds, a +0 quarterstaff, a scroll of teleportation, a +0 robe, a bread ration
     0 | D:1      | Reached XP level 1. HP: 15/15 MP: 1/1
   190 | D:1      | Reached skill level 1 in Unarmed Combat
   306 | D:1      | Reached XP level 2. HP: 18/21 MP: 2/2
   869 | D:1      | Reached XP level 3. HP: 6/26 MP: 3/3
  1542 | D:2      | Noticed Ijyb
  1970 | D:2      | Killed Ijyb
  1970 | D:2      | Reached XP level 4. HP: 20/32 MP: 4/4
  2302 | D:2      | Noticed Sigmund
  2443 | D:2      | Reached skill level 4 in Unarmed Combat
  2942 | D:2      | Reached XP level 5. HP: 35/37 MP: 5/5
  2947 | D:2      | Found an opulent altar of Gozag.
  2968 | D:2      | Found a blossoming altar of Fedhas.
  2971 | D:2      | Found a deep blue altar of Sif Muna.
  3583 | D:3      | Found an iron altar of Okawaru.
  3728 | D:3      | Found a glowing golden altar of the Shining One.
  4271 | D:3      | Reached skill level 5 in Unarmed Combat
  4544 | D:3      | Reached XP level 6. HP: 43/43 MP: 6/6
  5043 | D:4      | Noticed yottam's ghost (amateur HuWn)
  5074 | D:4      | Killed yottam's ghost
  5074 | D:4      | Reached skill level 7 in Unarmed Combat
  5074 | D:4      | Reached XP level 7. HP: 16/48 MP: 7/7
  5760 | D:5      | Entered Level 5 of the Dungeon
  6099 | D:5      | Noticed Eustachio
  6122 | D:5      | Killed Eustachio
  6122 | D:5      | Reached skill level 8 in Unarmed Combat
  6122 | D:5      | Reached XP level 8. HP: 30/54 MP: 8/8
  6412 | D:2      | Killed Sigmund
  6535 | D:5      | Reached skill level 9 in Unarmed Combat
  6600 | D:5      | Found a snail-covered altar of Cheibriados.
  6928 | D:5      | Found a radiant altar of Vehumet.
  7613 | D:6      | Reached skill level 10 in Unarmed Combat
  7629 | D:6      | Reached XP level 9. HP: 53/59 MP: 9/9
  8022 | D:6      | Reached skill level 11 in Unarmed Combat
  8385 | D:6      | Reached skill level 1 in Armour
  8476 | D:6      | Found a staircase to the Ecumenical Temple.
  8488 | Temple   | Entered the Ecumenical Temple
  8613 | Temple   | Became a worshipper of Makhleb the Destroyer
  9638 | D:7      | Reached * piety under Makhleb
  9984 | D:8      | Reached skill level 1 in Invocations
  9984 | D:8      | Reached XP level 10. HP: 72/72 MP: 10/10
 10803 | D:8      | Reached ** piety under Makhleb
 10857 | D:8      | Reached skill level 5 in Armour
 11139 | D:8      | Reached skill level 5 in Fighting
 11216 | D:8      | Found a shimmering altar of Xom.
 11488 | D:9      | Found Zius's Armour Emporium.
 11491 | D:9      | Bought a +0 helmet of see invisible for 184 gold pieces
 11712 | D:9      | Reached *** piety under Makhleb
 12357 | D:10     | Entered Level 10 of the Dungeon
 12376 | D:10     | Reached skill level 5 in Invocations
 12387 | D:10     | Reached **** piety under Makhleb
 12416 | D:10     | Learned a level 2 spell: Repel Missiles
 12561 | D:10     | Noticed Sonja
 12570 | D:10     | Killed Sonja
 12570 | D:10     | Reached XP level 11. HP: 72/83 MP: 15/15
 12699 | D:10     | Noticed a purple ugly thing
 12731 | D:10     | Killed a purple ugly thing
 12986 | D:10     | Found a staircase to the Lair.
 13140 | D:10     | Noticed a hill giant
 13151 | D:10     | Killed a hill giant
 13631 | D:11     | Noticed a five-headed hydra
 13666 | D:11     | Killed a five-headed hydra
 13931 | D:11     | Noticed a cyclops
 13953 | D:11     | Killed a cyclops
 14041 | D:11     | Found a staircase to the Orcish Mines.
 14057 | D:11     | Noticed yottam's ghost (journeyman HuWn)
 14115 | D:11     | Killed yottam's ghost
 14803 | D:12     | Reached XP level 12. HP: 94/94 MP: 18/18
 14871 | D:12     | Reached ***** piety under Makhleb
 15507 | D:12     | Reached skill level 12 in Unarmed Combat
 15885 | D:13     | Reached skill level 5 in Dodging
 16024 | D:13     | Noticed an enchanted long sword
 16038 | D:13     | Killed an enchanted long sword
 16178 | D:13     | Found a gate to the Vaults.
 16179 | D:13     | Noticed an enchanted long sword
 16198 | D:13     | Killed an enchanted long sword
 16279 | D:13     | Reached skill level 13 in Unarmed Combat
 16872 | D:13     | Reached XP level 13. HP: 70/99 MP: 12/19
 17118 | Lair:1   | Entered Level 1 of the Lair of Beasts
 17174 | Lair:1   | Found a frozen archway.
 17196 | IceCv    | Entered an ice cave
 17196 | IceCv    | Noticed cluie's ghost (journeyman DsIE)
 17216 | IceCv    | Slain by a death yak simulacrum

Vault maps used:
D:1:      lightli_iron_boxes, kennysheep_minor_cross
D:2:      minitemple, lexackson_kobold_supper, uniq_sigmund, uniq_iyjb
D:3:      lemuel_crystal_altar, tso_altar
D:4:      first_bread
D:5:      vehumet_statue, kennysheep_mini, uniq_eustachio
D:6:      temple_hall
D:8:      xom_butterflies
D:9:      serial_shops, kennysheep_mini_moat
D:10:     lair_0_dummy, grunt_livestock, uniq_sonja
D:11:     orc_0_dummy, grunt_decor_cap
D:13:     erik_vaults_1
Temple:   oiseaux_autumnal_temple_12
Lair:1:   portal_ice_cave_entry_pillars_03, uniq_gastronok
IceCv:    ice_cave_small_necro

Action                   |  1- 3 |  4- 6 |  7- 9 | 10-12 | 13-15 || total
-------------------------+-------+-------+-------+-------+-------++-------
Melee: Unarmed           |   181 |   278 |   435 |  1123 |    44 ||  2061
 Fire: Blowgun           |       |       |       |    21 |       ||    21
Throw: Throwing net      |       |       |       |     4 |       ||     4
Invok: Lesser Servant of |       |       |       |     9 |       ||     9
Evoke: Wand              |       |       |     5 |     8 |       ||    13
  Use: Potion            |       |     6 |     1 |     1 |     1 ||     9
       Scroll            |       |     7 |     8 |    13 |     1 ||    29
 Stab: Sleeping          |     2 |       |       |       |       ||     2
       Held in net/web   |       |       |       |     4 |       ||     4
       Distracted        |       |       |       |     2 |       ||     2
  Eat: Beef jerky        |     1 |       |     1 |       |       ||     2
       Bread ration      |     1 |       |       |       |       ||     1
       Chunk             |       |     8 |    13 |    27 |     2 ||    50
       Royal jelly       |       |       |     1 |       |       ||     1
